 Dungeon Crawl Stone Soup version 0.29.1-14-g9c671dbff4 (webtiles) character file.

Game seed: 16839186980710842653

246 hawla the Firebug (level 6, -2/45 HPs)
             Began as a Meteoran Fire Elementalist on Feb 12, 2023.
             Slain by a gnoll
             ... wielding a +0 flail
             ... led by a gnoll bouda
              (4 damage)
             ... on level 4 of the Dungeon.
             The game lasted 00:05:21 (559 turns).

hawla the Firebug (Meteoran Fire Elementalist)       Turns: 559, Time: 00:05:21

Health: -2/45      AC:  2    Str:  9    XL:     6   Next: 60%
Magic:  4/12       EV: 13    Int: 18    God:
Gold:   106        SH:  0    Dex: 16    Spells: 5/12 levels left

rFire   . . .      SeeInvis .   (no weapon)
rCold   . . .      Faith    .   (no shield)
rNeg    . . .      Spirit   .   a - +0 robe
rPois   .          Reflect  .   (no helmet)
rElec   .          Harm     .   (no cloak)
rCorr   .          Rampage  .   (no gloves)
Will    .....                   (no boots)
Stlth   +.........              (no amulet)
HPRegen 0.15/turn               (no ring)
MPRegen 0.13/turn               (no ring)

@: mighty, weakened, glowing
A: sense surroundings 1, otherworldly, glowing, explore regen
a: no special abilities


You were on level 4 of the Dungeon.
You visited 1 branch of the dungeon, and saw 4 of its levels.

You collected 106 gold pieces.

Inventory:

Armour
 a - a +0 robe (worn)
Scrolls
 c - a scroll of teleportation


   Skills:
 + Level 0.1 Fighting
 + Level 2.9 Dodging
 - Level 1.4 Stealth
 + Level 3.9 Spellcasting
 + Level 4.9 Conjurations
 + Level 5.3 Fire Magic


You had 5 spell levels left.
You knew the following spells:

 Your Spells              Type           Power      Damage    Failure   Level
a - Foxfire               Conj/Fire      84%        2x1d8     1%          1
b - Scorch                Fire           44%        2d7       2%          2
c - Flame Wave            Conj/Fire      21%        2d8       19%         4

Your spell library contained the following spells:

 Spells                   Type           Power      Damage    Failure   Level
 Conjure Flame            Conj/Fire      21%        6-21      5%          3
 Inner Flame              Hex/Fire       13%        N/A       16%         3
 Gell's Gravitas          Tloc           3%         N/A       41%         3
 Lesser Beckoning         Tloc           3%         N/A       41%         3
 Teleport Other           Tloc           3%         N/A       41%         3


Dungeon Overview and Level Annotations

Branches:
Dungeon (4/15) Zot: 1841
 Temple: D:4-7

Altars:
Uskayaw
Yredelemnul


Innate Abilities, Weirdness & Mutations

You passively map a small area around you.
You are easily found by Zot.
You glow in the dark.
You regain HP and MP as you explore.


Message History

Things that are here:
a +0 giant club; an ogre corpse The gnoll bouda gazes fiercely through you!
You feel your attacks grow feeble.
You see here 12 gold pieces.
You now have 106 gold pieces (gained 12).
The gnoll hits you with a +0 whip. The gnoll hits you with a +0 whip.
Your attacks no longer feel as feeble.
The gnoll attacks as you move away! The gnoll hits you with a +0 whip!
* * * LOW HITPOINT WARNING * * *
The gnoll bouda gazes fiercely through you!
You feel your attacks grow feeble. The gnoll barely misses you.
The gnoll bouda gazes fiercely through you!
You feel as though you will be weak longer.
Casting: Foxfire (safe; 1% risk of failure)
Confirm with . or Enter, or press ? or * to list all spells.
You conjure some foxfire!
The gnoll closely misses you.
The foxfire hits the gnoll.
The gnoll is lightly wounded.
The foxfire hits the gnoll but does no damage.
The gnoll is lightly wounded.
It was a potion of might.
You feel very mighty all of a sudden. The gnoll hits you with a +0 whip.
* * * LOW HITPOINT WARNING * * *
Unknown command.
The gnoll attacks as you move away! The gnoll barely misses you.
The gnoll is no longer moving quickly.
The gnoll bouda barks out a call to the hunt!
The gnoll picks up the pace!
Found 15 gold pieces.
The gnoll attacks as you move away! The gnoll barely misses you.
The gnoll hits you with a +0 whip.
* * * LOW HITPOINT WARNING * * *
The gnoll attacks as you move away! The gnoll hits you with a +0 whip.
* * * LOW HITPOINT WARNING * * *
The gnoll attacks as you move away! The gnoll hits you with a +0 flail.
You die...

##*### * * ##$#..##
,* ... #......#
......####......
......#.#..... ,.
,............## *
..##............##
*#...........g@...##
............g.....#
#..............### ,
, ##......J##.### ,,
, #...#........#. ,
......##.........# ,
.............###.# ,
..........g........
..................#


You could see 2 gnolls and an endoplasm.

Vanquished Creatures
  An ogre (D:4)
  3 iguanas
  2 scorpion zombies (D:4)
  An adder (D:4)
  2 worms (D:4)
  2 adder zombies (D:4)
  A dart slug (D:1)
  A ball python (D:1)
  A bat (D:2)
  An endoplasm (D:4)
  A goblin (D:4)
  3 kobolds
  A rat (D:2)
20 creatures vanquished.

Vanquished Creatures (others)
  61 foxfires
61 creatures vanquished.

Grand Total: 81 creatures vanquished

Notes
Turn   | Place    | Note
-------+----------+-------------------------------------------
     0 | D:1      | hawla the Meteoran Fire Elementalist began the quest for
                  | the Orb.
     0 | D:1      | Reached XP level 1. HP: 14/14 MP: 5/5
   119 | D:2      | Found a hide-covered altar of Uskayaw.
   137 | D:2      | Reached skill level 4 in Fire Magic
   137 | D:2      | Reached XP level 2. HP: 20/20 MP: 4/6
   140 | D:2      | Learned a level 2 spell: Scorch
   283 | D:4      | Noticed a scorpion
   326 | D:4      | Reached XP level 3. HP: 24/26 MP: 0/8
   354 | D:4      | Reached XP level 4. HP: 4/33 MP: 3/10
   359 | D:4      | Learned a level 4 spell: Flame Wave
   371 | D:4      | Found a basalt altar of Yredelemnul.
   476 | D:4      | Noticed an ogre
   481 | D:4      | Reached XP level 5. HP: 24/38 MP: 4/11
   536 | D:4      | Killed an ogre
   537 | D:4      | Reached XP level 6. HP: 21/45 MP: 5/12
   538 | D:4      | Reached skill level 5 in Fire Magic
   559 | D:4      | HP: 2/45 [gnoll/+0 whip[a gnoll bouda] (6)]
   559 | D:4      | Slain by a gnoll

Illustrated notes

Levels and vault maps discovered:
D:1:      dpeg_arrival_round_c, layout_loops_ring,
          shapermc_ecumenical_altar_petra, minmay_tetromino_s4
D:2:      layout_basic, basic_altar, moated_statue, minmay_crystal_room
D:3:      layout_loops_cross, okawaru_gym_becter,
          mainiacjoe_overflow_six_doors_small, gammafunk_temple_overflow_pools
D:4:      layout_cave_pools, nicolae_yredelemnul_corpse_copse, tgw_trog

Skill      XL: |  1  2  3  4  5  6 |
---------------+-------------------+-----
Fire Magic     | 4 5 |  5.3
Spellcasting   | 3 |  3.9
Conjurations   | 2 4 |  4.9
Fighting       | |  0.1
Dodging        | |  2.9
Stealth        | |  1.4

Action                   |  1- 3 |  4- 6 || total
-------------------------+-------+-------++-------
Melee: Unarmed           |    17 |     1 ||    18
 Cast: Foxfire           |    28 |     9 ||    37
       Scorch            |     4 |     7 ||    11
       Flame Wave        |       |     3 ||     3
  Use: Scroll            |     3 |       ||     3
       Potion            |     1 |     1 ||     2
Armor: Robe              |     4 |     3 ||     7
Dodge: Dodged            |    10 |    15 ||    25
